 Dungeon Crawl Stone Soup version 0.28-a0-589-g333b8329f1 (webtiles) character file.

Game seed: 7641520521751800014

3852 iamoutofideas the Severer (level 10, -1/88 HPs)
             Began as a Hill Orc Gladiator on Oct 4, 2021.
             Was a Believer of Makhleb.
             Slain by a troll (5 damage)
             ... on level 9 of the Dungeon.
             The game lasted 00:08:26 (10028 turns).

iamoutofideas the Severer (Hill Orc Gladiator)     Turns: 10028, Time: 00:08:27

Health: -1/88      AC:  8    Str: 21    XL:     10   Next: 18%
Magic:  0/10       EV: 11    Int:  8    God:    Makhleb [**....]
Gold:   663        SH:  0    Dex: 12    Spells: 9/9 levels left

rFire   . . .      SeeInvis .   a - +1 war axe (vorpal)
rCold   . . .      Faith    .   (no shield)
rNeg    . . .      Spirit   +   m - +0 ring mail
rPois   .          Reflect  .   c - +1 helmet
rElec   .          Harm     .   (no cloak)
rCorr   .          Rampage  .   (no gloves)
Will    .....                   g - +0 pair of boots
Stlth   +.........              n - amulet of guardian spirit
HPRegen 0.24/turn               (no ring)
MPRegen 0.12/turn               (no ring)

@: mighty
A: no striking features
a: Renounce Religion, Minor Destruction


You were on level 9 of the Dungeon.
You worshipped Makhleb.
Makhleb was pleased with you.
You visited 2 branches of the dungeon, and saw 10 of its levels.
You also visited: Ossuary.

You collected 663 gold pieces.

Inventory:

Hand Weapons
 a - a +1 vorpal war axe (weapon)
 j - the +4 spear "Jioleule" {elec, *Slow +Blink Str-4 Int+5}
   (You took it off a centaur on level 7 of the Dungeon)

   It occasionally discharges a powerful burst of electricity upon striking a
   foe.
   Str:       It affects your strength (-4).
   Int:       It affects your intelligence (+5).
   +Blink:    It lets you blink.
   *Slow:     It may slow you when you take damage.
 D - a +2 hand axe
Missiles
 d - 3 throwing nets (quivered)
 A - 2 curare-tipped darts
Armour
 b - a +0 leather armour
 c - a +1 helmet (worn)
 g - a +0 pair of boots (worn)
 m - a +0 ring mail (worn)
Jewellery
 i - a +6 ring of intelligence
 n - an amulet of guardian spirit (around neck)
 x - a ring of flight
 y - a ring of wizardry
Wands
 E - a wand of charming (4)
Scrolls
 f - 2 scrolls of amnesia
 h - 5 scrolls of teleportation
 p - a scroll of enchant armour
 r - a scroll of immolation
 s - a scroll of fear
 v - a scroll of brand weapon
 w - a scroll of fog {unknown}
 z - a scroll of blinking
 B - a scroll of enchant weapon
 C - 2 scrolls of identify
Potions
 e - 2 potions of mutation
 k - a potion of flight
 l - a potion of haste {unknown}
 q - 2 potions of degeneration
 t - a potion of might
 u - 3 potions of lignification


   Skills:
 + Level 8.3 Fighting
 - Level 16.0 Axes
 - Level 1.8 Throwing
 - Level 2.3 Armour
 - Level 3.1 Dodging
 - Level 0.5 Stealth


You had 9 spell levels left.
You didn't know any spells.
Your spell library contained the following spells:

 Spells                   Type           Power      Damage    Failure   Level
 Scorch                   Fire           0%         2d5       71%         2
 Sublimation of Blood     Necr           0%         N/A       71%         2
 Wereblood                Tmut           0%         N/A       71%         2
 Flame Wave               Conj/Fire      0%         3d3       100%        4
 Leda's Liquefaction      Hex/Erth       0%         N/A       100%        4
 Lee's Rapid Deconstruct  Erth           0%         3d5*      100%        5
 Statue Form              Tmut/Erth      0%         N/A       100%        6
 Summon Cactus Giant      Summ           0%         N/A       100%        6
 Summon Hydra             Summ           0%         N/A       100%        7


Dungeon Overview and Level Annotations

Branches:
Dungeon (9/15)             Temple (1/1) D:4         Ossuary (visited)
   Lair: D:8-11         Orc: D:9-12

Altars:
Ashenzari
Cheibriados
Dithmenos
Elyvilon
Fedhas
Gozag
Hepliaklqana
Kikubaaqudgha
Makhleb
Nemelex Xobeh
Okawaru
Qazlal
Ru
Sif Muna
Trog
Uskayaw
Vehumet
Wu Jian
Xom
Yredelemnul
Zin
The Shining One

Shops:
D:6 [


Message History

You slice the killer bee!!
You kill the killer bee!
Makhleb accepts your kill.
You barely miss the killer bee.
The killer bee is heavily wounded.
The killer bee stings you.
* * * LOW HITPOINT WARNING * * *
The killer bee closely misses you.
You closely miss the killer bee.
The killer bee is heavily wounded.
The killer bee stings you but does no damage.
You slash the killer bee!
You kill the killer bee!
Makhleb accepts your kill.
You feel better.
You slice the killer bee!!
You kill the killer bee!
Makhleb accepts your kill.
You feel better.
You closely miss the troll.
The troll is moderately wounded.
You slash the troll!
The troll is heavily wounded.
The troll barely misses you. x2; The troll claws you.
* * * LOW HITPOINT WARNING * * *
You feel better. The troll bites you!
* * * LOW HITPOINT WARNING * * *
The troll barely misses you. The troll claws you!
* * * LOW HITPOINT WARNING * * *
Aiming: Charm
Press: ? - help, Shift-Dir - straight line, f - troll
Aim: a troll (heavily wounded, chance to affect: 46%)
Okay, then.
Aiming: Charm
Press: ? - help, Shift-Dir - straight line, f - troll
Aim: a troll (lightly wounded, chance to affect: 46%)
The troll resists with some effort.
The troll bites you!
* * * LOW HITPOINT WARNING * * *
The troll claws you.
You die...

##.....# ##.###
#.....## #....
#......## ##...
#.......# #†##
##....<.## ##.#.
##..#...## #....
#..##...## #....
######...#
##.... #@T.##
#..... ##...##
#..... ##...##
##.....
#....#####......
##....##........
#.......####...
##.....## ##..
##...## ##.
#..## ###


You could see a troll.

Vanquished Creatures
  A two-headed ogre (D:5)
  Sigmund (D:2)
  2 water moccasins
  An orc warrior (D:7)
  2 sky beasts
  2 ice beasts
  A necrophage (D:6)
  An ogre (D:5)
  4 centaurs
  2 kobold brigands (D:7)
  A phantom (D:5)
  A scorpion (D:4)
  A wyvern zombie (D:7)
  2 bullfrogs
  8 killer bees (D:9)
  4 wights (D:8)
  A howler monkey (D:7)
  2 bullfrog zombies (D:6)
  2 hounds (D:5)
  A jelly (D:7)
  2 gnoll shamans (D:6)
  3 orc priests
  A centaur skeleton (D:5)
  5 iguanas
  3 orc wizards
  A hound skeleton (D:4)
  8 mummies (Ossuary)
  10 gnolls
  6 adders
  An ufetubus (D:5)
  A worm (D:4)
  3 dart slugs
  20 orcs
  10 endoplasms
  4 giant cockroaches
  2 gnoll zombies (Ossuary)
  9 goblins
  3 hobgoblins
  22 kobolds
  4 quokkas
  5 ball pythons
  5 bats
  6 frilled lizards
  3 hobgoblin zombies (Ossuary)
  2 kobold zombies (Ossuary)
  An orc zombie (Ossuary)
  8 rats
188 creatures vanquished.

Notes
Turn   | Place    | Note
-------+----------+-------------------------------------------
     0 | D:1      | iamoutofideas the Hill Orc Gladiator began the quest for
                  | the Orb.
     0 | D:1      | Reached XP level 1. HP: 18/18 MP: 1/1
   326 | D:1      | Reached XP level 2. HP: 19/25 MP: 2/2
  1062 | D:1      | Reached XP level 3. HP: 23/30 MP: 3/3
  1734 | D:2      | Noticed Sigmund
  1765 | D:2      | Killed Sigmund
  1766 | D:2      | Reached skill level 6 in Axes
  1766 | D:2      | Reached XP level 4. HP: 27/38 MP: 4/4
  1766 | D:2      | Reached XP level 5. HP: 32/45 MP: 5/5
  1977 | D:2      | Found a hide-covered altar of Uskayaw.
  2900 | D:3      | Reached XP level 6. HP: 51/51 MP: 6/6
  3466 | D:4      | Reached skill level 7 in Axes
  3660 | D:4      | Found a staircase to the Ecumenical Temple.
  3672 | Temple   | Entered the Ecumenical Temple
  3815 | Temple   | Became a worshipper of Makhleb the Destroyer
  3936 | D:4      | Found a sand-covered staircase.
  3954 | Ossuary  | Entered an ossuary
  4144 | Ossuary  | Reached skill level 8 in Axes
  4304 | Ossuary  | Reached XP level 7. HP: 58/58 MP: 7/7
  4513 | D:4      | Found a stormy altar of Qazlal.
  4697 | D:5      | Entered Level 5 of the Dungeon
  4836 | D:5      | Noticed a two-headed ogre
  5031 | D:5      | Reached skill level 9 in Axes
  5381 | D:5      | Killed a two-headed ogre
  5382 | D:5      | Reached skill level 5 in Fighting
  5382 | D:5      | Reached skill level 11 in Axes
  5382 | D:5      | Reached XP level 8. HP: 23/68 MP: 0/8
  5669 | D:5      | Reached skill level 12 in Axes
  6177 | D:5      | Reached * piety under Makhleb
  6694 | D:5      | Reached XP level 9. HP: 74/74 MP: 9/9
  6765 | D:5      | Reached skill level 13 in Axes
  7123 | D:6      | Found Urhiff's Armour Emporium.
  7456 | D:6      | Reached skill level 14 in Axes
  7826 | D:6      | Reached ** piety under Makhleb
  8529 | D:7      | Reached skill level 15 in Axes
  8647 | D:7      | Identified the +4 spear "Jioleule" {elec, *Slow +Blink
                  | Str-4 Int+5}
  9443 | D:8      | Reached XP level 10. HP: 72/82 MP: 8/10
  9571 | D:8      | You fall into a shaft and drop 1 floor!
  9688 | D:8      | Noticed a two-headed ogre
  9712 | D:9      | Reached skill level 16 in Axes
  9994 | D:9      | HP: 4/88 [troll (6)]
 10028 | D:9      | HP: 4/88 [troll (7)]
 10028 | D:9      | Slain by a troll

Illustrated notes

Levels and vault maps discovered:
D:1:      onia_arrival_pyramid, layout_basic, minmay_3d_cube
D:2:      minmay_chambers_of_ones, layout_basic, basic_altar,
          minmay_misc_feat_rugged, uniq_sigmund
D:3:      layout_loops_cross, grunt_ministairs_12,
          chequers_serial_rivers_micro_a
D:4:      layout_rooms, lemuel_round_altar, minmay_temple_entry_proselytizer,
          nicolae_ossuary_entry_monument, serial_glass, glass_columns_b,
          glass_columns_a, due_unseen_surprise
D:5:      layout_basic
D:6:      layout_basic, serial_curves, eino_curves_04, eino_curves_02,
          eino_curves_02, serial_shops, shop
D:7:      layout_rooms, supply_closet_lemuel
D:8:      layout_cave_pods, nicolae_zen_rock_garden
D:9:      layout_cave_pods, david_orc_3, grunt_ministairs_1, minmay_librarian
Temple:   kilobyte_greek_temple

Skill      XL: |  1  2  3  4  5  6  7  8  9 10 |
---------------+-------------------------------+-----
Dodging        | 3 |  3.1
Fighting       | 3 5 7 8 |  8.3
Axes           | 6 8 11 12 15 16 | 16.0
Armour         | 2 |  2.3
Throwing       | |  1.8
Stealth        | |  0.5

Action                   |  1- 3 |  4- 6 |  7- 9 | 10-12 || total
-------------------------+-------+-------+-------+-------++-------
Melee: War axe           |    89 |   149 |   315 |    32 ||   585
Evoke: Wand              |       |       |       |     1 ||     1
  Use: Potion            |     2 |       |     4 |     8 ||    14
       Scroll            |       |     7 |     9 |     1 ||    17
 Stab: Sleeping          |     1 |       |       |       ||     1
Armor: Leather armour    |    15 |       |       |       ||    15
       Skin              |    15 |       |       |       ||    15
       Ring mail         |     2 |    51 |    96 |    29 ||   178
Dodge: Dodged            |    47 |    83 |   156 |    59 ||   345

Table legend: (Time is in decaauts)
 A = Elapsed time spent in this place.
 B = Non-inter-level travel time spent in this place.
 C = Inter-level travel time spent in this place.
 D = Time resting spent in this place.
 E = Time spent auto-exploring this place.
 F = Levels seen in this place.
 G = Mean time per level.
                   A        B        C        D        E       F      G
               +--------+--------+--------+--------+--------+-----+--------+
         Total |  10026 |   9763 |    263 |   1605 |   6597 |  11 |  911.5 |
       Dungeon |   9375 |   9142 |    233 |   1332 |   6372 |   9 | 1041.7 |
        Temple |    173 |    143 |     30 |      0 |    128 |   1 |  173.0 |
       Ossuary |    476 |    476 |      0 |    273 |     97 |   1 |  476.0 |
               +--------+--------+--------+--------+--------+-----+--------+

Top non-repeatable levels by time:
     D:5: 2313 daAuts
     D:1: 1708 daAuts
     D:6: 1133 daAuts
     D:2: 1098 daAuts
     D:7: 1077 daAuts
     D:3: 679 daAuts
     D:4: 613 daAuts
 Ossuary: 476 daAuts
     D:9: 407 daAuts
     D:8: 343 daAuts
  Temple: 173 daAuts
